 Dungeon Crawl Stone Soup version 0.29.0 (webtiles) character file.

Game seed: 5408971414940771411

1118 GigaChad the Slasher (level 8, -5/67 (68) HPs)
             Began as a Minotaur Fighter on Aug 24, 2022.
             Was a High Priest of Jiyva.
             Slain by a yak (7 damage)
             ... on level 7 of the Dungeon.
             The game lasted 00:17:16 (4755 turns).

GigaChad the Slasher (Minotaur Fighter)             Turns: 4755, Time: 00:17:16

HP:   -5/67 (68)    AC: 13    Str: 25    XL:     8   Next: 12%
MP:   7/7           EV: 12    Int:  8    God:    Jiyva [*****.]
Gold: 220           SH:  4    Dex:  9    Spells: 7/7 levels left

rFire   . . .      SeeInvis +   a - +0 long sword
rCold   . . .      Faith    .   c - +0 buckler
rNeg    . . .      Spirit   .   j - +1 chain mail
rPois   .          Reflect  .   (helmet restricted)
rElec   .          Harm     .   (no cloak)
rCorr   +          Rampage  .   (no gloves)
rMut    +          Clarity  +   (no boots)
Will    .....                   (no amulet)
Stlth   ..........              m - +4 ring of evasion
HPRegen 1.65/turn               e - ring of see invisible
MPRegen 0.55/turn

@: lightly drained
A: horns 2, retaliatory headbutt, iridescent scales 1, clarity, clever 1,
mutation resistance 3, strong 1
a: Renounce Religion, Oozemancy, Slimify


You were on level 7 of the Dungeon.
You worshipped Jiyva.
Jiyva was extremely pleased with you.
You visited 1 branch of the dungeon, and saw 7 of its levels.

You collected 220 gold pieces.

Inventory:

Hand Weapons
 a - a +0 long sword (weapon)
Missiles
 v - 2 curare-tipped darts (quivered)
Armour
 b - a +0 scale mail
 c - a +0 buckler (worn)
 j - a +1 chain mail (worn)
Jewellery
 e - a ring of see invisible (right hand)
 m - a +4 ring of evasion (left hand)
Wands
 k - a wand of iceblast (6)
Scrolls
 i - a scroll of teleportation
 l - a scroll of magic mapping
 o - a scroll of torment
 p - a scroll of enchant weapon {unknown}
 t - a scroll of blinking
Potions
 d - 2 potions of might
 f - a potion of magic {unknown}
 g - a potion of heal wounds {unknown}
 h - 2 potions of curing {unknown}
 n - 3 potions of flight {unknown}
 q - a potion of cancellation {unknown}
 r - a potion of lignification {unknown}
 s - a potion of degeneration {unknown}
 u - 2 potions of haste {unknown}


   Skills:
 + Level 5.2 Fighting
 + Level 7.6 Long Blades
 + Level 7.2 Armour
 + Level 2.6 Dodging
 + Level 0.6 Stealth
 + Level 5.0 Shields


You had 7 spell levels left.
You didn't know any spells.
Your spell library contained the following spells:

 Spells                   Type           Power      Damage    Failure   Level
 Summon Small Mammal      Summ           0%         N/A       97%         1
 Call Canine Familiar     Summ           0%         N/A       100%        3
 Summon Guardian Golem    Hex/Summ       0%         N/A       100%        3


Dungeon Overview and Level Annotations

Branches:
Dungeon (7/15)
 Temple: D:4-7

Altars:
Dithmenos
Gozag
Trog
The Shining One
Jiyva

Shops:
D:1 :   D:2 *   D:3 (   D:6 [

Annotations:
D:6 3 runed translucent doors, NinjaNoafa's ghost, novice HOMo


Innate Abilities, Weirdness & Mutations

You have a pair of horns on your head.
You reflexively headbutt those who attack you in melee.
You are partially covered in iridescent scales. (AC +2)
You possess an exceptional clarity of mind.
Your mind is acute. (Int +4, Str/Dex -1)
You are almost entirely resistant to further mutation and mutation removal.
Your muscles are strong. (Str +4, Int/Dex -1)


Message History

You feel drained.
You hit the kobold brigand. You headbutt the kobold brigand.
The kobold brigand is severely wounded.
The kobold brigand closely misses you.
You barely miss the kobold brigand.
Your headbutt misses the kobold brigand.
The kobold brigand is severely wounded.
The yak gores you! The kobold brigand barely misses you.
You hit the kobold brigand but do no damage.
The kobold brigand is severely wounded.
You block the yak's attack. The kobold brigand closely misses you.
The yak gores you but does no damage.
You hit the kobold brigand.
The kobold brigand is almost dead.
The yak closely misses you.
The kobold brigand completely misses you.
You furiously retaliate!
You headbutt the kobold brigand. The yak closely misses you.
You hit the kobold brigand. You headbutt the kobold brigand.
You kill the kobold brigand!
The yak gores you. x2
Your Shields skill increases to level 5!
You closely miss the kobold. The yak gores you.
The kobold hits you but does no damage. The yak gores you.
* * * LOW HITPOINT WARNING * * *
You barely miss the kobold. You block the yak's attack. The kobold misses you.
The yak barely misses you.
You hit the kobold.
You kill the kobold!
The yak misses you. You furiously retaliate!
You headbutt the yak! The yak gores you!
* * * LOW HITPOINT WARNING * * *
The yak gores you but does no damage. The yak gores you!
* * * LOW HITPOINT WARNING * * *
You hit the yak.
The yak is lightly wounded.
The yak gores you.
* * * LOW HITPOINT WARNING * * *
The yak barely misses you. The yak gores you!
You die...

#########
#.......#
######.#...#.#
#...##..###..##
#...))......#.###
#...##).##......#
##.###.#...#K##.#
#.#
#....oYY##.##.).
##.#
#####.#Y@YK.....
#..# #.####Y##.##
#.## #.. #
####.#### ....
#.......#


KY. #.o#.#..# .Yo #..#.#..# .oY #..#.# .# ... #.o#.# .# YYY # You could see 5
yaks, an orc and 2 kobolds.

Vanquished Creatures
  Prince Ribbit (D:5)
  An ogre (D:6)
  A centaur (D:6)
  A phantom (D:4)
  A kobold brigand (D:7)
  A howler monkey (D:4)
  3 orc priests
  6 iguanas
  5 orc wizards
  5 adders
  2 shadow imps
  A white imp (D:5)
  A dart slug (D:1)
  8 orcs
  An endoplasm (D:1)
  3 giant cockroaches
  14 goblins
  9 hobgoblins
  4 jackals (D:3)
  9 kobolds
  3 quokkas (D:1)
  6 ball pythons
  3 bats
  4 frilled lizards
  5 rats
98 creatures vanquished.

Vanquished Creatures (collateral kills)
  An orc priest (D:7)
  An orc wizard (D:7)
2 creatures vanquished.

Vanquished Creatures (others)
  A water moccasin (D:5)
  A howler monkey (D:6)
  A hound (D:6)
  An orc wizard (D:7)
  2 adders
  A worm (D:4)
  3 orcs (D:4)
  2 ball pythons (D:2)
  A giant cockroach (D:4)
  3 hobgoblins
  A kobold (D:3)
  A bat (D:3)
  A frilled lizard (D:2)
19 creatures vanquished.

Grand Total: 119 creatures vanquished

Notes
Turn   | Place    | Note
-------+----------+-------------------------------------------
     0 | D:1      | GigaChad the Minotaur Fighter began the quest for the Orb.
     0 | D:1      | Reached XP level 1. HP: 19/19 MP: 0/0
    47 | D:1      | Reached XP level 2. HP: 12/27 MP: 1/1
   480 | D:1      | Found Ekughek's Book Shoppe.
   508 | D:1      | Noticed a floating eye
   510 | D:1      | Found a faded altar of an unknown god.
   512 | D:1      | Noticed a shining eye
   513 | D:1      | Noticed a shining eye
   513 | D:1      | Noticed an eye of devastation
   532 | D:1      | Prayed at the altar of an unknown god.
   532 | D:1      | Became a worshipper of Jiyva Joashriu the Shapeless
   532 | D:1      | Reached * piety under Jiyva
   734 | D:2      | Reached XP level 3. HP: 33/33 MP: 2/2
   791 | D:2      | Found a glowing golden altar of the Shining One.
   850 | D:2      | Found Feinn's General Store.
   942 | D:2      | Reached ** piety under Jiyva
  1085 | D:2      | Reached XP level 4. HP: 40/40 MP: 3/3
  1434 | D:3      | Identified the +4 ring mail of Precision Catastrophes
                  | {*Slow Fly rCorr}
  1461 | D:3      | Found Elargh's Weapon Boutique.
  1763 | D:3      | Reached *** piety under Jiyva
  1763 | D:3      | Gained mutation: You have hidden genetic potential.
                  | [Jiyva's grace]
  1763 | D:3      | Gained mutation: You have great hidden genetic potential.
                  | [Jiyva's grace]
  1763 | D:3      | Gained mutation: You possess an exceptional clarity of
                  | mind. [Jiyva's grace]
  1763 | D:3      | Gained mutation: Your mind is acute. (Int +4, Str/Dex -1)
                  | [Jiyva's grace]
  2115 | D:4      | Reached skill level 1 in Dodging
  2115 | D:4      | Reached XP level 5. HP: 44/47 MP: 4/4
  2119 | D:4      | Gained mutation: You are partially covered in iridescent
                  | scales. (AC +2) [hidden potential]
  2121 | D:4      | Reached skill level 5 in Armour
  2477 | D:4      | Reached **** piety under Jiyva
  3046 | D:4      | Noticed a phantom
  3062 | D:4      | Killed a phantom
  3063 | D:4      | Reached XP level 6. HP: 53/53 MP: 5/5
  3066 | D:4      | Gained mutation: You have a pair of large horns on your
                  | head. [hidden potential]
  3066 | D:4      | Lost mutation: You have great hidden genetic potential.
                  | [hidden potential expressed]
  3205 | D:5      | Entered Level 5 of the Dungeon
  3238 | D:5      | Reached skill level 5 in Long Blades
  3419 | D:5      | Found a bloodstained altar of Trog.
  3523 | D:5      | Noticed Prince Ribbit
  3550 | D:5      | Killed Prince Ribbit
  3551 | D:5      | Reached XP level 7. HP: 19/60 MP: 6/6
  3558 | D:5      | Gained mutation: You are mostly covered in iridescent
                  | scales. (AC +4) [hidden potential]
  3617 | D:5      | Lost mutation: You have a pair of large horns on your head.
                  | [Jiyva's grace]
  3617 | D:5      | Lost mutation: You are mostly covered in iridescent scales.
                  | (AC +4) [Jiyva's grace]
  3617 | D:5      | Lost mutation: You have hidden genetic potential. [Jiyva's
                  | grace]
  3617 | D:5      | Gained mutation: You are somewhat resistant to further
                  | mutation. [Jiyva's grace]
  3617 | D:5      | Gained mutation: You are somewhat resistant to both further
                  | mutation and mutation removal. [Jiyva's grace]
  3617 | D:5      | Gained mutation: You are almost entirely resistant to
                  | further mutation and mutation removal. [Jiyva's grace]
  3617 | D:5      | Gained mutation: Your muscles are strong. (Str +4, Int/Dex
                  | -1) [Jiyva's grace]
  3661 | D:5      | Reached ***** piety under Jiyva
  3832 | D:6      | Found a glowing golden altar of the Shining One.
  3838 | D:6      | Found a shadowy altar of Dithmenos.
  3852 | D:6      | Found an opulent altar of Gozag.
  3998 | D:6      | Found Zerah's Antique Armour Boutique.
  4507 | D:6      | Found a runed translucent gate.
  4507 | D:6      | Found a runed translucent gate.
  4507 | D:6      | Found a runed translucent gate.
  4511 | D:6      | Noticed NinjaNoafa's ghost (novice HOMo)
  4511 | D:6      | Noticed a kobold demonologist
  4646 | D:7      | Noticed a yak
  4650 | D:7      | Noticed a yak
  4657 | D:7      | Noticed a yak
  4658 | D:7      | Noticed a yak
  4659 | D:7      | Noticed a yak
  4681 | D:7      | Reached skill level 5 in Fighting
  4716 | D:7      | Reached XP level 8. HP: 48/68 MP: 7/7
  4752 | D:7      | Reached skill level 5 in Shields
  4754 | D:7      | HP: 1/66 [yak (8)]
  4755 | D:7      | Slain by a yak

Illustrated notes

Levels and vault maps discovered:
D:1:      shiori_shiawase, layout_rooms, hellmonk_ecumenical_altar_watching_god,
          serial_shops, shop
D:2:      layout_basic, serial_shops, nicolae_shop_stone, basic_altar
D:3:      minmay_evil_eye, layout_loops_ring, serial_shops, shop
D:4:      layout_layer_cave
D:5:      layout_loops_ring, trog_hazing_becter, uniq_prince_ribbit1
D:6:      layout_basic, grunt_temple_overflow_open, serial_shops,
          nicolae_diamond_shop, gammafunk_ghost_nasty_kobolds
D:7:      layout_loops_cross, makhleb_blood_cavern_becter,
          mainiacjoe_overflow_24_doors, minmay_temple_entry_offerings

Skill      XL: |  1  2  3  4  5  6  7  8 |
---------------+-------------------------+-----
Shields        | 4 5 |  5.0
Fighting       | 4 5 |  5.2
Long Blades    | 3 4 6 7 |  7.6
Armour         | 4 5 6 7 |  7.2
Dodging        | 1 2 |  2.6
Stealth        | |  0.6

Action                   |  1- 3 |  4- 6 |  7- 9 || total
-------------------------+-------+-------+-------++-------
Melee: Long sword        |    71 |   116 |   113 ||   300
       Headbutt          |     9 |    19 |    21 ||    49
  Use: Scroll            |     3 |     3 |     4 ||    10
Armor: Scale mail        |    26 |       |       ||    26
       Chain mail        |    27 |    55 |    70 ||   152
Dodge: Dodged            |    60 |    73 |    92 ||   225
Block: Buckler           |    19 |    22 |    32 ||    73
